AoeStats
← CLEVER GHOST

Migration

509142768Analyzed
1v1 RM · 7d ago on Sep 25, 2026· 54m 1s· 2 players
Game mode
Random Map
Map size
132×132
Population
200
Speed
Normal
Resources
Standard
Victory
Conquest
Starting age
Dark Age
Ending age
Imperial Age
RankedLock teamsTeams togetherTeam positionsShared explorationLock speedFull tech treeHidden civsTurbo modeCheats
Victory
Defeat
🇲🇽 Slavs · Mexico
1018
+15
🇵🇪 Malay · Peru
994
-15
APOLO
8:16 Loom
10:53 Feudal Age
11:25 Double-Bit Axe
16:41 Gold Mining
19:20 Castle Age
18:04 Fletching
18:26 Forging
18:17 Padded Archer Armor
19:28 Bow Saw
20:15 Stone Mining
21:01 Gold Shaft Mining
23:23 Medium Warships
23:18 Horse Collar
24:28 Ballistics
24:15 Siphons
34:30 Wheelbarrow
36:26 Imperial Age
33:45 Town Watch
34:18 Leather Archer Armor
34:16 Masonry
33:58 Heated Shot
33:48 Demolition Ship
CLEVER GHOST
1:26 Loom
12:26 Feudal Age
18:18 Castle Age
16:12 Double-Bit Axe
16:38 Fletching
18:59 Bodkin Arrow
19:18 Bow Saw
20:46 Ballistics
21:48 Padded Archer Armor
22:18 Careening
23:33 Leather Archer Armor
24:47 Wheelbarrow
25:03 Medium Warships
26:57 Hand Cart
28:34 Masonry
31:37 Imperial Age
33:19 Detinets
34:18 Conscription
34:14 Horse Collar
35:53 Chemistry
36:48 Heavy Warships
36:38 Heavy Plow
39:53 Two-Man Saw
39:16 Scale Barding Armor
41:28 Elite Boyar
50:14 Chain Barding Armor
50:04 Forging
50:50 Druzhina
Connection lost

Rejoining the realm…

Still unreachable

The connection could not be restored.

Session expired

The server has moved on; the page needs a fresh start.